BSA
SEATTLE PIKES @ KANSAS CITY KINGS
06/12/2026
 
TOP OF THE 1ST
Seattle Pikes batting - Pitching for Kansas City Kings : LHP Jesús López
Pitching: LHP Jesús López
Batting: RHB Randy Sheppard 0-0: Ball
1-0: Called Strike
1-1: Ball
2-1: Swinging Strike
2-2: Strikes out swinging
Batting: RHB Wallace Greene 0-0: Called Strike
0-1: Called Strike
0-2: Foul Ball, location: 2F
0-2: Ground out 5-3 (Groundball, 5)
Batting: RHB António Ortega 0-0: Foul Ball, location: 2F
0-1: Ground out 5-3 (Groundball, 56)
Top of the 1st over - 0 run(s), 0 hit(s), 0 error(s), 0 left on base; Seattle 0 - Kansas City 0
BOTTOM OF THE 1ST
Kansas City Kings batting - Pitching for Seattle Pikes : LHP Albert Lebel
Pitching: LHP Albert Lebel
Batting: RHB Chris Chandler 0-0: Ball
1-0: Called Strike
1-1: Called Strike
1-2: Ball
2-2: Strikes out swinging
Batting: LHB Ray Spencer 0-0: Ground out 4-3 (Groundball, 4)
Batting: RHB Toshimichi Kono 0-0: Ball
1-0: Foul Ball, location: 2F
1-1: Swinging Strike
1-2: Strikes out looking
Bottom of the 1st over - 0 run(s), 0 hit(s), 0 error(s), 0 left on base; Seattle 0 - Kansas City 0
TOP OF THE 2ND
Seattle Pikes batting - Pitching for Kansas City Kings : LHP Jesús López
Batting: RHB Alfredo Rivera 0-0: Ball
1-0: Foul Ball, location: 2F
1-1: Ball
2-1: Foul Ball, location: 2F
2-2: Strikes out looking
Batting: RHB Manuel Rico 0-0: Foul Ball, location: 2F
0-1: Foul Ball, location: 2F
0-2: Strikes out swinging
Batting: LHB Chad Weaver 0-0: Foul Ball, location: 2F
0-1: Ground out 1-3 (Groundball, 25)
Top of the 2nd over - 0 run(s), 0 hit(s), 0 error(s), 0 left on base; Seattle 0 - Kansas City 0
BOTTOM OF THE 2ND
Kansas City Kings batting - Pitching for Seattle Pikes : LHP Albert Lebel
Batting: LHB Pablo Reyes 0-0: Called Strike
0-1: Ball
1-1: Ball
2-1: Ball
3-1: SINGLE (Groundball, 34)
Batting: RHB Dave Parker 0-0: Called Strike
0-1: Ball
1-1: Swinging Strike
1-2: Ball
2-2: Strikes out swinging
Batting: SHB Víctor Serrano 0-0: Ball
1-0: Called Strike
1-1: Swinging Strike
1-2: Strikes out swinging
Batting: LHB Ethan Marshall 0-0: Ball
1-0: Called Strike
1-1: Ball
2-1: Ground out 6-3 (Groundball, 6)
Bottom of the 2nd over - 0 run(s), 1 hit(s), 0 error(s), 1 left on base; Seattle 0 - Kansas City 0
TOP OF THE 3RD
Seattle Pikes batting - Pitching for Kansas City Kings : LHP Jesús López
Batting: RHB Iván Gonzáles 0-0: Ball
1-0: Called Strike
1-1: Ball
2-1: Foul Ball, location: 2F
2-2: Foul Ball, location: 2F
2-2: Foul Ball, location: 2F
2-2: Ball
3-2: SINGLE (Groundball, 4M)
Batting: SHB António Hernández 0-0: Ball
1-0: Called Strike
1-1: Ball
2-1: Swinging Strike
2-2: SINGLE (Line Drive, 7LM)
Iván Gonzáles to second
Batting: LHB Keith Tillman 0-0: Called Strike
0-1: Called Strike
0-2: Fly out, F6 (Popup, 6S)
Batting: RHB Randy Sheppard 0-0: Called Strike
0-1: Ball
1-1: Grounds into double play, 6-4-3 (Groundball, 6)
Top of the 3rd over - 0 run(s), 2 hit(s), 0 error(s), 1 left on base; Seattle 0 - Kansas City 0
BOTTOM OF THE 3RD
Kansas City Kings batting - Pitching for Seattle Pikes : LHP Albert Lebel
Batting: LHB Brian Boone 0-0: Called Strike
0-1: Ball
1-1: Swinging Strike
1-2: Foul Ball, location: 2F
1-2: Strikes out swinging
Batting: RHB Matt Richards 0-0: Ground out U3 (Groundball, 3S)
Batting: RHB Chris Chandler 0-0: Called Strike
0-1: Ball
1-1: Swinging Strike
1-2: Ground out 6-3 (Groundball, 6)
Bottom of the 3rd over - 0 run(s), 0 hit(s), 0 error(s), 0 left on base; Seattle 0 - Kansas City 0
TOP OF THE 4TH
Seattle Pikes batting - Pitching for Kansas City Kings : LHP Jesús López
Batting: RHB Wallace Greene 0-0: Called Strike
0-1: Ball
1-1: Ball
2-1: Ball
3-1: Base on Balls
Batting: RHB António Ortega 0-0: Ball
1-0: Grounds into double play, 6-4-3 (Groundball, 6M)
Batting: RHB Alfredo Rivera 0-0: Ball
1-0: Fly out, F9 (Flyball, 89M)
Top of the 4th over - 0 run(s), 0 hit(s), 0 error(s), 0 left on base; Seattle 0 - Kansas City 0
BOTTOM OF THE 4TH
Kansas City Kings batting - Pitching for Seattle Pikes : LHP Albert Lebel
Batting: LHB Ray Spencer 0-0: Ground out U3 (Groundball, 3)
Batting: RHB Toshimichi Kono 0-0: Called Strike
0-1: Ball
1-1: Ground out 6-3 (Groundball, 6M)
Batting: LHB Pablo Reyes 0-0: Ground out 4-3 (Groundball, 4)
Bottom of the 4th over - 0 run(s), 0 hit(s), 0 error(s), 0 left on base; Seattle 0 - Kansas City 0
TOP OF THE 5TH
Seattle Pikes batting - Pitching for Kansas City Kings : LHP Jesús López
Batting: RHB Manuel Rico 0-0: Swinging Strike
0-1: SINGLE (Line Drive, 9S)
Batting: LHB Chad Weaver 0-0: Ball
1-0: Ball
Pickoff Throw to First - Out!
2-0: Called Strike
2-1: Fly out, F9 (Flyball, 9M)
Batting: RHB Iván Gonzáles 0-0: Ball
1-0: Swinging Strike
1-1: SINGLE (Flyball, 89S)
Batting: SHB António Hernández 0-0: Ball
1-0: Ball
2-0: Called Strike
2-1: Ball
3-1: Ground out 4-3 (Groundball, 34)
Top of the 5th over - 0 run(s), 2 hit(s), 0 error(s), 1 left on base; Seattle 0 - Kansas City 0
BOTTOM OF THE 5TH
Kansas City Kings batting - Pitching for Seattle Pikes : LHP Albert Lebel
Batting: RHB Dave Parker 0-0: Ball
1-0: Swinging Strike
1-1: Ball
2-1: SINGLE (Line Drive, 6MD)
Batting: SHB Víctor Serrano 0-0: Called Strike
0-1: Foul Ball, location: 2F
0-2: Foul Ball, location: 2F
0-2: Foul Ball, location: 2F
0-2: Strikes out swinging
Batting: LHB Ethan Marshall 0-0: SINGLE (Groundball, 56)
Dave Parker to second
Batting: LHB Brian Boone 0-0: Called Strike
0-1: Foul Ball, location: 2F
0-2: Strikes out swinging
Batting: RHB Matt Richards 0-0: Ball
1-0: Foul Ball, location: 2F
1-1: Ball
2-1: Swinging Strike
2-2: Strikes out looking
Bottom of the 5th over - 0 run(s), 2 hit(s), 0 error(s), 2 left on base; Seattle 0 - Kansas City 0
TOP OF THE 6TH
Seattle Pikes batting - Pitching for Kansas City Kings : LHP Jesús López
Batting: LHB Keith Tillman 0-0: Called Strike
0-1: Bunt - Flyout! F2
Batting: RHB Randy Sheppard 0-0: Bunted foul
0-1: Ball
1-1: Called Strike
1-2: Ball
2-2: Fly out, F8 (Line Drive, 8LD)
Batting: RHB Wallace Greene 0-0: Ball
1-0: Fly out, F5 (Popup, 15)
Top of the 6th over - 0 run(s), 0 hit(s), 0 error(s), 0 left on base; Seattle 0 - Kansas City 0
BOTTOM OF THE 6TH
Kansas City Kings batting - Pitching for Seattle Pikes : LHP Albert Lebel
Batting: RHB Chris Chandler 0-0: Foul Ball, location: 2F
0-1: Called Strike
0-2: Ball
1-2: Ball
2-2: Strikes out swinging
Batting: LHB Ray Spencer 0-0: Called Strike
0-1: SINGLE (Groundball, 34S)
Batting: RHB Toshimichi Kono 0-0: Fly out, F9 (Flyball, 9LM)
Batting: LHB Pablo Reyes 0-0: Ball
1-0: Ball
2-0: Ball
3-0: Called Strike
3-1: Called Strike
3-2: Foul Ball, location: 2F
3-2: Strikes out looking
Bottom of the 6th over - 0 run(s), 1 hit(s), 0 error(s), 1 left on base; Seattle 0 - Kansas City 0
TOP OF THE 7TH
Seattle Pikes batting - Pitching for Kansas City Kings : LHP Jesús López
Batting: RHB António Ortega 0-0: Called Strike
0-1: Swinging Strike
0-2: Ball
1-2: Ball
2-2: Ball
3-2: Foul Ball, location: 2F
3-2: Base on Balls
Batting: RHB Alfredo Rivera 0-0: Ball
1-0: Called Strike
1-1: Ball
2-1: SINGLE (Flyball, 9S)
António Ortega to second
Batting: RHB Manuel Rico 0-0: Called Strike
0-1: Ball
1-1: Swinging Strike
1-2: 3-RUN HOME RUN (Flyball, 7D), Distance : 360 ft
Batting: LHB Chad Weaver 0-0: Ball
1-0: Called Strike
1-1: Swinging Strike
1-2: Strikes out swinging
Batting: RHB Iván Gonzáles 0-0: SOLO HOME RUN (Flyball, 8RXD), Distance : 404 ft
Batting: SHB António Hernández 0-0: Foul Ball, location: 2F
0-1: Foul Ball, location: 2F
0-2: Ball
1-2: Ball
2-2: Ground out 6-3 (Groundball, 6)
Batting: LHB Keith Tillman 0-0: Swinging Strike
0-1: Ground out 4-3 (Groundball, 4)
Top of the 7th over - 4 run(s), 3 hit(s), 0 error(s), 0 left on base; Seattle 4 - Kansas City 0
BOTTOM OF THE 7TH
Kansas City Kings batting - Pitching for Seattle Pikes : LHP Albert Lebel
Batting: RHB Dave Parker 0-0: Ball
1-0: Ball
2-0: Called Strike
2-1: Ball
3-1: Fly out, F8 (Flyball, 8LM)
Batting: SHB Víctor Serrano 0-0: Foul Ball, location: 2F
0-1: Reached on error, E6 (Groundball, 6)
Batting: LHB Ethan Marshall 0-0: Swinging Strike
0-1: Ball
1-1: Ball
2-1: Fielders Choice at 2nd, 4-6 (Groundball, 4)
Batting: LHB Brian Boone 0-0: Ball
1-0: Called Strike
1-1: Fly out, F8 (Line Drive, 8LS)
Bottom of the 7th over - 0 run(s), 0 hit(s), 1 error(s), 1 left on base; Seattle 4 - Kansas City 0
TOP OF THE 8TH
Seattle Pikes batting - Pitching for Kansas City Kings : LHP Jesús López
Pitching: RHP Tom McConnell
Batting: RHB Randy Sheppard 0-0: Ball
1-0: Ball
2-0: Ball
3-0: Called Strike
3-1: Foul Ball, location: 2F
3-2: Ground out 6-3 (Groundball, 6)
Batting: RHB Wallace Greene 0-0: Ball
1-0: Ball
2-0: Ground out 5-3 (Groundball, 56)
Batting: RHB António Ortega 0-0: Ball
1-0: Called Strike
1-1: Swinging Strike
1-2: Strikes out swinging
Top of the 8th over - 0 run(s), 0 hit(s), 0 error(s), 0 left on base; Seattle 4 - Kansas City 0
BOTTOM OF THE 8TH
Kansas City Kings batting - Pitching for Seattle Pikes : LHP Albert Lebel
Batting: RHB Matt Richards 0-0: Fly out, F3 (Popup, 3)
Batting: RHB Chris Chandler 0-0: Ball
1-0: Foul Ball, location: 2F
1-1: Ground out 6-3 (Groundball, 6)
Batting: LHB Ray Spencer 0-0: Foul Ball, location: 2F
0-1: Ball
1-1: Swinging Strike
1-2: Strikes out swinging
Bottom of the 8th over - 0 run(s), 0 hit(s), 0 error(s), 0 left on base; Seattle 4 - Kansas City 0
TOP OF THE 9TH
Seattle Pikes batting - Pitching for Kansas City Kings : RHP Tom McConnell
Batting: RHB Alfredo Rivera 0-0: Foul Ball, location: 2F
0-1: Reached on error, E6 (Groundball, 6)
Batting: RHB Manuel Rico 0-0: Called Strike
0-1: Ball
1-1: Ball
2-1: Grounds into double play, 5-4-3 (Groundball, 56)
Batting: LHB Chad Weaver 0-0: Called Strike
0-1: Called Strike
0-2: Ball
1-2: Strikes out swinging
Top of the 9th over - 0 run(s), 0 hit(s), 1 error(s), 0 left on base; Seattle 4 - Kansas City 0
BOTTOM OF THE 9TH
Kansas City Kings batting - Pitching for Seattle Pikes : LHP Albert Lebel
Pitching: LHP Cristián Escobar
Batting: RHB Toshimichi Kono 0-0: Ball
1-0: SINGLE (Line Drive, 6MD)
Batting: LHB Pablo Reyes 0-0: Ball
1-0: Called Strike
1-1: Called Strike
1-2: Foul Ball, location: 2F
1-2: Strikes out swinging
Batting: RHB Dave Parker 0-0: Called Strike
0-1: Ball
1-1: Swinging Strike
1-2: Ball
2-2: Fly out, F5 (Line Drive, 5S)
Batting: SHB Víctor Serrano 0-0: Called Strike
0-1: Ball
1-1: 2-RUN HOME RUN (Flyball, 78XD), Distance : 381 ft
Pitching: LHP Manny Sandoval
Batting: LHB Ethan Marshall 0-0: Fly out, F8 (Flyball, 78M)
Bottom of the 9th over - 2 run(s), 2 hit(s), 0 error(s), 0 left on base; Seattle 4 - Kansas City 2
Monday, December 5th, 2016 - OOTP Baseball 17.12 Build 75